 Dungeon Crawl Stone Soup version 0.30-a0-857-gcaf70739d4 (webtiles) character file.

Game seed: 3777082840402412562

415 cforsyth the Magician (level 6, -5/32 HPs)
             Began as a Deep Elf Earth Elementalist on Mar 6, 2023.
             Shot with an arrow by a centaur (13 damage)
             ... on level 4 of the Dungeon.
             The game lasted 00:03:08 (3188 turns).

cforsyth the Magician (Deep Elf Earth Elementalist) Turns: 3188, Time: 00:03:08

Health: -5/32      AC:  4    Str:  5    XL:     6   Next: 60%
Magic:  18/18      EV: 12    Int: 22    God:
Gold:   166        SH:  0    Dex: 15    Spells: 18/19 levels left

rFire   . . .      SeeInvis .    (no weapon)
rCold   . . .      Faith    .    (no shield)
rNeg    . . .      Spirit   .    a - +0 robe
rPois   .          Reflect  .    r - +0 helmet
rElec   .          Rampage  .    (no cloak)
rCorr   .                        q - +0 pair of gloves
Will    .....                    (no boots)
Stlth   ++                       (no amulet)
HPRegen 0.25/turn                (no ring)
MPRegen 0.16/turn                (no ring)

@: no status effects
A: no striking features
a: no special abilities


You were on level 4 of the Dungeon.
You visited 1 branch of the dungeon, and saw 4 of its levels.

You collected 166 gold pieces.

Inventory:

Armour
 a - a +0 robe (worn)
 q - a +0 pair of gloves (worn)
 r - a +0 helmet (worn)
Jewellery
 p - a ring of protection from fire
Scrolls
 c - 4 scrolls of teleportation {unknown}
 d - 6 scrolls of identify {unknown}
 h - a scroll of summoning {unknown}
 i - a scroll of enchant armour {unknown}
 j - a scroll of blinking {unknown}
 l - a scroll of fog {unknown}
 n - a scroll of amnesia {unknown}
 o - a scroll of noise {unknown}
Potions
 b - 2 potions of magic
 e - a potion of haste {unknown}
 f - a potion of curing {unknown}
 g - 2 potions of ambrosia {unknown}
 k - a potion of degeneration {unknown}
 m - a potion of lignification {unknown}


   Skills:
 - Level 2.4 Dodging
 - Level 2.4 Stealth
 + Level 7.0 Spellcasting
 - Level 1.1 Transmutations
 + Level 6.3 Earth Magic


You had 18 spell levels left.
You knew the following spells:

 Your Spells              Type           Power      Damage    Failure   Level
a - Sandblast             Erth           70%        2d15      1%          1

Your spell library contained the following spells:

 Spells                   Type           Power      Damage    Failure   Level
 Passwall                 Tmut/Erth      20%        N/A       2%          2
 Stone Arrow              Conj/Erth      42%        3d9       7%          3
 Petrify                  Tmut/Erth      24%        N/A       19%         4
 Hailstorm                Conj/Ice       7%         3d4       24%         3
 Ice Form                 Ice/Tmut       10%        N/A       54%         4
 Simulacrum               Ice/Necr       3%         N/A       100%        6


Dungeon Overview and Level Annotations

Branches:
Dungeon (4/15)
 Temple: D:4-7

Altars:
Elyvilon
Gozag
Zin


Message History

The orc is severely wounded.
The blast of sand hits the orc!!
You kill the orc!
A kobold comes into view. It is wielding a +0 short sword.
A kobold is nearby!
A kobold is nearby!
A kobold is nearby!
The kobold shouts!
You hear a shout!
The blast of sand hits the kobold.
You kill the kobold!
You can't see any susceptible monsters within range! (Use Z to cast anyway.)
You can't see any susceptible monsters within range! (Use Z to cast anyway.)
A kobold comes into view.
It is wielding a +0 short sword and quivering poisoned darts.
A kobold is nearby!
A kobold is nearby!
A kobold is nearby!
The blast of sand hits the kobold.
You kill the kobold!
You can't see any susceptible monsters within range! (Use Z to cast anyway.)
Things that are here:
a +0 short sword; a kobold corpse
Found 3 boomerangs.
Things that are here:
a +0 short sword; 8 poisoned darts; a kobold corpse A centaur comes into view.
A centaur is nearby!
A centaur is nearby!
A centaur is nearby!
Found a white marble altar of Elyvilon.
The centaur wields a +0 shortbow.
The centaur shoots an arrow.
The arrow hits you.
The centaur shoots an arrow.
The arrow hits you!
The centaur shoots an arrow.
The arrow hits you!
* * * LOW HITPOINT WARNING * * *
You are too injured to fight recklessly!
You are too injured to fight recklessly!
Casting: Sandblast (safe; 1% risk of failure)
Confirm with . or Enter, or press ? or * to list all spells.
You can't see any susceptible monsters within range! (Use Z to cast anyway.)
The centaur shoots an arrow.
The arrow hits you!
You die...

...# ...# . ...# .. ...#
...
############+########.c..
.....#..#.............#
.....'..#.............#
.....#..#.............#.
.....#..#.......@........
.....#..#.......###..._..
#....#..######...####...#
#....#[......#......# ###
#....#.......#..#....#
#....#.......#..####....
'....#.......#....###...
#....#########).....# ##
##...........)..>....(.


You could see a centaur.

Vanquished Creatures
  Sigmund (D:3)
  2 scorpions
  A jelly (D:4)
  3 adders (D:2)
  An ufetubus (D:4)
  2 worms
  4 orcs
  5 ball pythons
  5 endoplasms
  2 giant cockroaches
  12 goblins
  6 hobgoblins
  4 jackals (D:1)
  A quokka (D:1)
  3 bats
  3 frilled lizards
  6 kobolds
  3 rats
64 creatures vanquished.

Notes
Turn   | Place    | Note
-------+----------+-------------------------------------------
     0 | D:1      | cforsyth the Deep Elf Earth Elementalist began the quest
                  | for the Orb.
     0 | D:1      | Reached XP level 1. HP: 10/10 MP: 6/6
   142 | D:1      | Reached XP level 2. HP: 15/15 MP: 4/8
   990 | D:2      | Reached skill level 4 in Spellcasting
  1079 | D:2      | Found a faded altar of an unknown god.
  1131 | D:2      | Reached XP level 3. HP: 19/19 MP: 8/10
  1853 | D:2      | Reached XP level 4. HP: 24/24 MP: 10/12
  2187 | D:3      | Found an opulent altar of Gozag.
  2384 | D:3      | Noticed Sigmund
  2393 | D:3      | Killed Sigmund
  2394 | D:3      | Reached skill level 6 in Spellcasting
  2394 | D:3      | Reached skill level 5 in Earth Magic
  2394 | D:3      | Reached XP level 5. HP: 25/28 MP: 11/15
  2542 | D:3      | Reached XP level 6. HP: 30/32 MP: 9/17
  2792 | D:3      | Found a glowing silver altar of Zin.
  2962 | D:4      | Reached skill level 7 in Spellcasting
  3186 | D:4      | Found a white marble altar of Elyvilon.
  3188 | D:4      | Shot with an arrow by a centaur

Illustrated notes

Levels and vault maps discovered:
D:1:      dpeg_arrival_tiny_e, layout_loops_corners, item_on_display_a
D:2:      layout_loops_corners, shapermc_ecumenical_altar_mp_ritualfount
D:3:      layout_basic, nicolae_gozag_cash_rules_everything_around_me,
          zin_scriptorium, serial_rivers, chequers_serial_rivers_small_a,
          chequers_serial_rivers_large_a, chequers_serial_rivers_marsh,
          chequers_serial_rivers_micro_d, chequers_serial_rivers_room_a,
          corner_web_ring, uniq_sigmund
D:4:      layout_gridville, overflow_temple_1_default,
          mainiacjoe_overflow_catch_the_wave, uniq_blork_the_orc

Skill      XL: |  1  2  3  4  5  6 |
---------------+-------------------+-----
Spellcasting   | 4 6 7 |  7.0
Earth Magic    | 4 5 6 |  6.3
Dodging        | |  2.4
Stealth        | |  2.4
Transmutations | |  1.1

Action                     |  1- 3 |  4- 6 || total
---------------------------+-------+-------++-------
   Cast: Sandblast         |    43 |    41 ||    84
 Armour: Robe              |     2 |       ||     2
  Dodge: Dodged            |       |     5 ||     5

Table legend: (Time is in decaauts)
 A = Elapsed time spent in this place.
 B = Non-inter-level travel time spent in this place.
 C = Inter-level travel time spent in this place.
 D = Time resting spent in this place.
 E = Time spent auto-exploring this place.
 F = Levels seen in this place.
 G = Mean time per level.
                   A        B        C        D        E       F      G
               +--------+--------+--------+--------+--------+-----+--------+
         Total |   3244 |   3095 |    149 |      0 |   2728 |   4 |  811.0 |
       Dungeon |   3244 |   3095 |    149 |      0 |   2728 |   4 |  811.0 |
               +--------+--------+--------+--------+--------+-----+--------+

Top non-repeatable levels by time:
     D:3: 986 daAuts
     D:2: 985 daAuts
     D:1: 984 daAuts
     D:4: 287 daAuts
